 Dungeon Crawl Stone Soup version 0.26-a0-808-g930a2b7adc (webtiles) character file.

Game seed: 7199229848595477205

389 ANON1729 the Caller (level 6, -1/36 HPs)
             Began as an Octopode Summoner on Nov 12, 2020.
             Slain by a wyvern zombie (13 damage)
             ... in an ossuary.
             The game lasted 00:05:04 (3980 turns).

ANON1729 the Caller (Octopode Summoner)             Turns: 3980, Time: 00:05:04

Health: -1/36      AC:  1    Str:  7    XL:     6   Next: 79%
Magic:  7/11       EV: 14    Int: 19    God:
Gold:   173        SH:  0    Dex: 13    Spells: 8/11 levels left

rFire    . . .     SeeInvis +   u - +3 quarterstaff (chaos)
rCold    . . .     Faith    .   (shield currently unavailable)
rNeg     . . .     Spirit   .   (helmet restricted)
rPois    .         Reflect  .   (no amulet)
rElec    .         Harm     .   f - ring of see invisible
rCorr    .         Rampage  .   j - ring of stealth
MR       .....                  (no ring)
Stlth    +++++.....             (no ring)
HPRegen  0.12/turn              (no ring)
MPRegen  0.12/turn              (no ring)
                                (no ring)
                                (no ring)

@: no status effects
A: almost no armour, stealthy swim, amphibious, 8 rings, constrict 8, camouflage
1, gelatinous body 1
a: no special abilities


You were in an ossuary.
You visited 1 branch of the dungeon, and saw 4 of its levels.
You also visited: Ossuary.

You collected 173 gold pieces.

Inventory:

Hand Weapons
 k - a +0 short sword
 u - a +3 quarterstaff of chaos (weapon)
 v - a +0 spear
Missiles
 l - 5 poisoned darts (quivered)
Jewellery
 f - a ring of see invisible (left tentacle)
 j - a ring of stealth (right tentacle)
Wands
 t - a wand of flame (12)
Scrolls
 a - 3 scrolls of amnesia {unknown}
 d - a scroll of fog {unknown}
 h - a scroll of identify {unknown}
 i - a scroll of magic mapping {unknown}
 n - 2 scrolls of remove curse {unknown}
 q - a scroll of immolation {unknown}
 r - a scroll of random uselessness {unknown}
 s - a scroll of teleportation {unknown}
Potions
 b - a potion of mutation {unknown}
 c - a potion of brilliance {unknown}
 e - a potion of cancellation {unknown}
 g - a potion of flight {unknown}
 m - a potion of curing {unknown}
 o - a potion of attraction {unknown}
 p - a potion of invisibility {unknown}


   Skills:
 + Level 3.5 Dodging
 + Level 5.1 Stealth
 + Level 3.3 Spellcasting
 * Level 5.8 Summonings


You had 8 spell levels left.
You knew the following spells:

 Your Spells              Type           Power        Failure   Level
a - Summon Small Mammal   Summ           ####         1%          1
b - Call Imp              Summ           ####....     1%          2

Your spell library contained the following spells:

 Spells                   Type           Power        Failure   Level
 Call Canine Familiar     Summ           ####....     4%          3
 Summon Guardian Golem    Hex/Summ       ##......     14%         3
 Summon Ice Beast         Ice/Summ       ##......     41%         4
 Summon Lightning Spire   Summ/Air       ##......     41%         4


Dungeon Overview and Level Annotations

Branches:
Dungeon (4/15)            Ossuary (1/1)
 Temple: D:4-7

Altars:


Innate Abilities, Weirdness & Mutations

You cannot wear most types of armour.
You are very stealthy in the water. (Stealth+)
You are amphibious.
You can wear up to eight rings at the same time.
You can use your tentacles to constrict eight enemies at once.
Your skin changes colour to match your surroundings (Stealth+).
Your rubbery body absorbs attacks. (AC +1, EV +1)


Message History

The wyvern zombie closely misses you.
You hit the wyvern zombie.
The wyvern zombie convulses.
The wyvern zombie is moderately damaged.
The wyvern zombie bites you! The wyvern zombie barely misses you.
The worker ant zombie bites you.
You are too injured to fight recklessly!
Casting: Call Imp (safe; 1% risk of failure)
Confirm with . or Enter, or press ? or * to list all spells.
A beastly little devil appears in a puff of flame.
The wyvern zombie barely misses you.
The worker ant zombie barely misses you.
Casting: Call Imp (safe; 1% risk of failure)
Confirm with . or Enter, or press ? or * to list all spells.
A shadowy apparition takes form in the air.
The wyvern zombie barely misses you. The worker ant zombie misses you.
Your crimson imp completely misses the worker ant zombie.
The worker ant zombie bites your crimson imp.
Your crimson imp hits the worker ant zombie but does no damage.
The wyvern zombie bites you!
You die...

#+ #+# +.. ..' #.#
#.# '.# #.+ #.#
#.### +.# #≈≈.#
#Z#####'#####.###
+5ZZ.......≈.≈'P##
###@#####'#####.#≈≈#
#.'5#...# #∩..#.'P##
###.#...###.∩.#≈#≈≈≈
#.'≈#...#.#...#≈+.##
###.##'##'##≈##≈###≈
#..≈≈.≈.≈≈≈≈≈≈....≈#
##≈≈≈≈#'#≈#≈≈.#≈≈###
##.≈.≈.≈P#P#P#P≈≈≈#
#≈#≈###≈#≈≈###≈≈≈≈


You could see a bullfrog zombie, a wyvern zombie, a worker ant zombie, a
friendly crimson imp (summoned) and a friendly shadow imp (summoned).

Vanquished Creatures
  A water moccasin zombie (Ossuary)
  An iguana (D:3)
  A worker ant (D:4)
  A killer bee zombie (Ossuary)
  3 mummies (Ossuary)
  A hound zombie (Ossuary)
  A howler monkey zombie (Ossuary)
  2 worker ant zombies (Ossuary)
  2 gnolls
  3 adders
  An ooze (D:1)
  An adder zombie (Ossuary)
  A worm (D:3)
  A leopard gecko (D:3)
  2 giant cockroaches (D:2)
  3 goblins
  A hobgoblin (D:3)
  2 jackals (D:3)
  3 kobolds
  3 quokkas (D:3)
  3 ball pythons
  6 bats
  A frilled lizard (D:2)
  A leopard gecko skeleton (D:4)
  A leopard gecko zombie (Ossuary)
  4 rats
50 creatures vanquished.

Vanquished Creatures (collateral kills)
  An ogre (D:4)
  Crazy Yiuf (D:3)
  4 gnolls
  2 adders
  A leopard gecko (D:4)
  A kobold (D:1)
  A jackal zombie (Ossuary)
  2 leopard gecko zombies (Ossuary)
  2 rats
15 creatures vanquished.

Vanquished Creatures (others)
  6 withered plants (Ossuary)
6 creatures vanquished.

Grand Total: 71 creatures vanquished

Notes
Turn   | Place    | Note
-------+----------+-------------------------------------------
     0 | D:1      | ANON1729 the Octopode Summoner began the quest for the Orb.
     0 | D:1      | Reached XP level 1. HP: 11/11 MP: 3/3
   188 | D:1      | Reached XP level 2. HP: 17/17 MP: 5/5
  1120 | D:2      | Reached XP level 3. HP: 17/21 MP: 6/6
  1996 | D:2      | Learned a level 2 spell: Call Imp
  2557 | D:3      | Reached XP level 4. HP: 21/27 MP: 7/7
  2902 | D:3      | Reached XP level 5. HP: 17/31 MP: 9/9
  3188 | D:3      | Found a runed translucent door.
  3189 | D:3      | Noticed Crazy Yiuf
  3203 | D:3      | Killed Crazy Yiuf
  3274 | D:3      | Reached skill level 5 in Summonings
  3462 | D:4      | Noticed an ogre
  3475 | D:4      | Killed an ogre
  3525 | D:4      | Found a sand-covered staircase.
  3566 | D:4      | Reached XP level 6. HP: 7/36 MP: 6/10
  3581 | Ossuary  | Entered an ossuary
  3853 | Ossuary  | Reached skill level 5 in Stealth
  3980 | Ossuary  | Slain by a wyvern zombie

Illustrated notes

Levels and vault maps discovered:
D:1:      dpeg_arrival_connections, layout_loops_ring,
          hangedman_decor_diamond_cutter, minmay_misc_feat_ornament
D:2:      layout_basic
D:3:      layout_basic, minmay_misc_feat_columns, uniq_crazy_yiuf_cottage
D:4:      layout_loops_ring, nicolae_ossuary_entry_monument,
          gammafunk_ghost_abyssal_escape, uniq_duvessa, uniq_ijyb
Ossuary:  ossuary_zaba_flooded

Skill      XL: |  1  2  3  4  5  6 |
---------------+-------------------+-----
Stealth        | 3 4 5 |  5.1
Summonings     | 5 |  5.8
Dodging        | 3 |  3.5
Spellcasting   | 3 |  3.3

Action                   |  1- 3 |  4- 6 || total
-------------------------+-------+-------++-------
Melee: Unarmed           |    40 |       ||    40
       Constrict         |    19 |    17 ||    36
       Tentacles         |    12 |    11 ||    23
       Short sword       |    40 |    33 ||    73
       Quarterstaff      |       |    28 ||    28
 Cast: Summon Small Mamm |    12 |     2 ||    14
       Call Imp          |       |    15 ||    15
 Stab: Sleeping          |    11 |     7 ||    18
       Distracted        |       |     2 ||     2
Armor: Skin              |     3 |     1 ||     4
Dodge: Dodged            |    65 |    46 ||   111

Table legend: (Time is in decaauts)
 A = Elapsed time spent in this place.
 B = Non-inter-level travel time spent in this place.
 C = Inter-level travel time spent in this place.
 D = Time resting spent in this place.
 E = Time spent auto-exploring this place.
 F = Levels seen in this place.
 G = Mean time per level.
                   A        B        C        D        E       F      G
               +--------+--------+--------+--------+--------+-----+--------+
         Total |   4002 |   3896 |    106 |    944 |   2361 |   5 |  800.4 |
       Dungeon |   3585 |   3479 |    106 |    698 |   2279 |   4 |  896.2 |
       Ossuary |    417 |    417 |      0 |    246 |     82 |   1 |  417.0 |
               +--------+--------+--------+--------+--------+-----+--------+

Top non-repeatable levels by time:
     D:3: 1322 daAuts
     D:2: 1182 daAuts
     D:1: 826 daAuts
 Ossuary: 417 daAuts
     D:4: 255 daAuts
